 Dungeon Crawl Stone Soup version 0.31.0-1-g2c135a0 (webtiles) character file.

Game seed: 12097166115903552313

769856 ironshield the Ruinous (level 27, 0/291 HPs)
             Began as a Demonspawn Summoner on Jan 22, 2024.
             Was a High Priest of Kikubaaqudgha.
             Killed from afar by an orb of fire (11 damage)
             ... with a fireball
             ... on level 5 of the Realm of Zot on Jan 23, 2024.
             The game lasted 06:18:51 (107459 turns).

ironshield the Ruinous (Demonspawn Summoner)      Turns: 107459, Time: 06:18:52

Health: 0/291      AC: 28    Str: 18    XL:     27
Magic:  23/46      EV: 13    Int: 23    God:    Kikubaaqudgha [*****.]
Gold:   10139      SH:  0    Dex:  9    Spells: 13/65 levels left

rFire   + +          +
                       - Unarmed
rCold   + . .        (no shield)
rNeg    + + +        Y - melded +0 robe {rC+ rF+}
rPois   ∞            a - +1 hat {Stlth+}
rElec   +            m - scarf {rC+ rF+}
rCorr   +            (gloves unavailable)
SInv    +            B - melded +3 pair of boots of Evolution {Slay+2}
Will    ++...        g - amulet "Valat" {RegenMP +Blink rN+ Str+2}
Stlth   ++           N - ring of Aloerhil {rF+ AC+4 Slay+3}
HPRegen 0.68/turn    V - ring "Manoedib" {rF+ rN+ SInv}
MPRegen 0.70/turn

%: no passive effects
@: about to teleport, statue-form, marked, corroded, contaminated, glowing,
studying 2 skills, unable to drink, very slow
A: slow and powerful, torment resistance 1, boosted hp, claws 3, ignite blood 3,
sharp scales 3, demonic magic 3, corrupting presence 2, word of chaos, hooves 1,
clumsy 2, deterioration 1, dopey 1, strong 1
}: 6/15 runes: decaying, slimy, silver, golden, abyssal, gossamer
a: Word of Chaos, Begin Untransformation, Renounce Religion, Evoke Blink,
Unearth Wretches, Torment


You were on level 5 of the Realm of Zot.
You worshipped Kikubaaqudgha.
Kikubaaqudgha was extremely pleased with you.
You were a living statue of rough stone.
You visited 13 branches of the dungeon, and saw 59 of its levels.
You visited the Abyss 3 times.
You also visited: Sewer, Ice Cave, Volcano and Desolation.

You collected 14750 gold pieces.
You spent 4611 gold pieces at shops.

Inventory:

Missiles
 L - a throwing net
Armour
 a - a +1 hat of stealth (worn)
 m - a scarf of resistance (worn)
 B - the +3 pair of boots of Evolution (melded) {Slay+2}
   (You acquired it on level 4 of the Lair of Beasts)

   Slay+2:    It affects your accuracy & damage with ranged weapons and melee
   (+2).
 Y - a +0 robe of resistance (melded)
Jewellery
 g - the amulet "Valat" (around neck) {RegenMP +Blink rN+ Str+2}
   (You bought it in a shop on level 10 of the Dungeon)

   [amulet of magic regeneration]

   RegenMP:   It increases your rate of magic regeneration.
   Str+2:     It affects your strength (+2).
   rN+:       It protects you from negative energy.
   +Blink:    It lets you blink.
 J - a ring of flight
 N - the ring of Aloerhil (left claw) {rF+ AC+4 Slay+3}
   (You acquired it on level 10 of the Dungeon)

   [ring of protection]

   AC+4:      It affects your AC (+4).
   Slay+3:    It affects your accuracy & damage with ranged weapons and melee
   (+3).
   rF+:       It protects you from fire.
 V - the ring "Manoedib" (right claw) {rF+ rN+ SInv}
   (You found it in the Desolation of Salt)

   [ring of protection from fire]

   rF+:       It protects you from fire.
   rN+:       It protects you from negative energy.
   SInv:      It lets you see invisible.
 W - an amulet of reflection
Talismans
 Z - the granite talisman "Efixzany" (active) {rN+ rCorr}
   (You bought it in a shop on level 2 of the Orcish Mines)

   [granite talisman]

   rN+:       It protects you from negative energy.
   rCorr:     It protects you from acid and corrosion.
Wands
 h - a wand of digging (37)
 H - a wand of iceblast (74)
 P - a wand of quicksilver (37)
Scrolls
 c - 2 scrolls of butterflies
 e - 12 scrolls of immolation
 f - 6 scrolls of vulnerability
 i - 4 scrolls of poison
 n - 10 scrolls of enchant weapon
 p - 17 scrolls of noise
 q - 4 scrolls of silence
 u - 10 scrolls of teleportation
 v - 16 scrolls of fog
 z - 3 scrolls of blinking
 D - 4 scrolls of amnesia
 E - 4 scrolls of revelation
 G - 6 scrolls of torment
 O - 10 scrolls of fear
 S - 4 scrolls of brand weapon
 T - 6 scrolls of enchant armour
Potions
 b - 3 potions of magic
 d - 2 potions of mutation
 k - 7 potions of brilliance
 l - 25 potions of curing
 o - 7 potions of ambrosia
 r - 4 potions of haste
 s - 5 potions of lignification
 t - 7 potions of heal wounds
 w - 3 potions of cancellation
 x - 2 potions of enlightenment
 A - 3 potions of might
 I - 10 potions of resistance
 M - 9 potions of attraction
 Q - 2 potions of invisibility
 R - a potion of berserk rage
Miscellaneous
 j - a lightning rod (4/4)
 y - a phantom mirror
 C - a sack of spiders
 F - a tin of tremorstones (2/2)
 K - a figurine of a ziggurat
 U - a phial of floods


   Skills:
 * Level 19.8 Fighting
 - Level 6.0 Dodging
 - Level 8.4 Stealth
 - Level 18.0 Unarmed Combat
 + Level 19.5 Spellcasting
 - Level 23.0 Conjurations
 - Level 9.0 Summonings
 - Level 21.0 Necromancy
 - Level 23.0 Fire Magic
 - Level 16.0 Shapeshifting


You had 13 spell levels left.
You knew the following spells:

 Your Spells              Type           Power      Damage    Failure   Level
a - Borgnjor's Vile Clut  Necr/Erth      31%        N/A       1%          5
b - Infestation           Necr           43%        N/A       2%          8
c - Summon Lightning Spi  Summ/Air       43%        N/A       3%          4
d - Death Channel         Necr           43%        N/A       1%          6
e - Martyr's Knell        Necr/Summ      74%        N/A       1%          4
f - Summon Small Mammal   Summ           100%       N/A       1%          1
g - Haunt                 Necr/Summ      37%        N/A       3%          7
h - Ignition              Fire           45%        3d13      1%          8
i - Fire Storm            Conj/Fire      45%        8d12      17%         9

Your spell library contained the following spells:

 Spells                   Type           Power      Damage    Failure   Level
 Kiss of Death            Conj/Necr      100%       2d13      0%          1
 Magic Dart               Conj           100%       1d8       0%          1
 Necrotise                Necr           100%       1d9       0%          1
 Searing Ray              Conj           100%       2d8       0%          2
 Fugue of the Fallen      Necr           87%        N/A       0%          3
 Vampiric Draining        Necr           87%        2d12      0%          3
 Animate Dead             Necr           87%        N/A       0%          4
 Dispel Undead            Necr           87%        3d28      0%          4
 Curse of Agony           Necr           87%        N/A       0%          5
 Fireball                 Conj/Fire      45%        3d18      0%          5
 Iskenderun's Battlesphe  Conj           91%        2d14      0%          5
 Shock                    Conj/Air       100%       1d9       1%          1
 Sting                    Conj/Alch      100%       1d9       1%          1
 Call Imp                 Summ           100%       N/A       1%          2
 Cigotuvi's Dreadful Rot  Necr/Alch/Air  100%       N/A       1%          2
 Momentum Strike          Conj/Tloc      100%       3d10      1%          2
 Call Canine Familiar     Summ           59%        N/A       1%          3
 Dazzling Flash           Conj/Hex       100%       N/A       1%          3
 Hailstorm                Conj/Ice       66%        3d12      1%          3
 Inner Flame              Hex/Fire       66%        N/A       1%          3
 Mephitic Cloud           Conj/Alch/Air  55%        N/A       1%          3
 Stone Arrow              Conj/Erth      100%       3d13      1%          3
 Summon Ice Beast         Ice/Summ       43%        N/A       1%          3
 Volatile Blastmotes      Fire/Tloc      100%       2d18      1%          3
 Anguish                  Hex/Necr       31%        N/A       1%          4
 Brom's Barrelling Bould  Conj/Erth      66%        2d8       1%          4
 Fulminant Prism          Conj/Alch      33%        3d16      1%          4
 Ignite Poison            Fire/Alch      66%        N/A       1%          4
 Iskenderun's Mystic Bla  Conj/Tloc      66%        2d14      1%          4
 Sticky Flame             Fire/Alch      66%        2d11      1%          4
 Summon Blazeheart Golem  Fire/Summ      77%        N/A       1%          4
 Arcjolt                  Conj/Air       33%        1d43      1%          5
 Irradiate                Conj/Alch      33%        3d22      1%          5
 Starburst                Conj/Fire      45%        6d13      1%          6
 Orb of Destruction       Conj           45%        9d12      1%          7
 Freeze                   Ice            88%        1d9       2%          1
 Sandblast                Erth           44%        2d11      2%          1
 Slow                     Hex            88%        N/A       2%          1
 Freezing Cloud           Conj/Ice/Air   27%        6-21      2%          5
 Spellforged Servitor     Conj/Summ      38%        N/A       2%          7
 Borgnjor's Revivificati  Necr           43%        N/A       2%          8
 Blink                    Tloc           44%        N/A       3%          2
 Jinxbite                 Hex            44%        N/A       3%          2
 Lesser Beckoning         Tloc           44%        N/A       3%          2
 Mercury Vapours          Alch/Air       44%        N/A       3%          2
 Animate Armour           Summ/Erth      86%        N/A       3%          4
 Bombard                  Conj/Erth      33%        9d6       3%          6
 Conjure Ball Lightning   Conj/Air       33%        3x3d11    3%          6
 Plasma Beam              Fire/Air       33%        2x1d46    3%          6
 Confusing Touch          Hex            22%        N/A       6%          3
 Frozen Ramparts          Ice            44%        1d7       6%          3
 Gell's Gravitas          Tloc           22%        N/A       6%          3
 Ozocubu's Armour         Ice            22%        N/A       6%          3
 Passwall                 Erth           22%        N/A       6%          3
 Sigil of Binding         Hex            22%        N/A       6%          3
 Swiftness                Air            22%        N/A       6%          3
 Teleport Other           Tloc           22%        N/A       6%          3
 Tukima's Dance           Hex            22%        N/A       6%          3
 Summon Cactus Giant      Summ           29%        N/A       9%          6
 Summon Forest            Summ/Tloc      21%        N/A       10%         5
 Summon Mana Viper        Hex/Summ       43%        N/A       10%         5
 Airstrike                Air            11%        2d(2-18)  22%         4
 Cause Fear               Hex            11%        N/A       22%         4
 Dimensional Bullseye     Hex/Tloc       11%        N/A       22%         4
 Leda's Liquefaction      Alch/Erth      11%        N/A       22%         4
 Manifold Assault         Tloc           22%        N/A       22%         4
 Olgreb's Toxic Radiance  Alch           22%        N/A       22%         4
 Passage of Golubria      Tloc           22%        N/A       22%         4
 Petrify                  Alch/Erth      22%        N/A       22%         4
 Vhi's Electric Charge    Tloc/Air       44%        N/A       22%         4
 Death's Door             Necr           43%        N/A       36%         9
 Summon Hydra             Summ           29%        N/A       41%         7
 Alistair's Intoxication  Alch           14%        N/A       52%         5
 Lee's Rapid Deconstruct  Erth           11%        3d8*      52%         5
 Metabolic Englaciation   Hex/Ice        11%        N/A       52%         5
 Silence                  Hex/Air        11%        N/A       52%         5
 Yara's Violent Unravell  Hex/Alch       11%        3d6       52%         5
 Lehudib's Crystal Spear  Conj/Erth      33%        10d8      77%         8
 Malign Gateway           Summ/Tloc      21%        N/A       96%         7
 Dispersal                Tloc           11%        N/A       97%         6
 Eringya's Noxious Bog    Alch           11%        4d6       97%         6
 Sculpt Simulacrum        Ice/Alch       11%        N/A       97%         6
 Summon Horrible Things   Summ           29%        N/A       98%         8
 Enfeeble                 Hex            11%        N/A       100%        7
 Ozocubu's Refrigeration  Ice            11%        4d9       100%        7
 Discord                  Hex            11%        N/A       100%        8
 Disjunction              Tloc           11%        N/A       100%        8
 Maxwell's Capacitive Co  Air            11%        ∞         100%        8
 Chain Lightning          Conj/Air       33%        3d44      100%        9
 Dragon's Call            Summ           29%        N/A       100%        9
 Polar Vortex             Ice            11%        12d1*     100%        9
 Shatter                  Erth           11%        3d12*     100%        9
 Sublimation of Blood     Necr           Unusable   N/A       N/A         2

Dungeon Overview and Level Annotations

Branches:
Dungeon (15/15)            Temple (1/1) D:7            Lair (5/5) D:9
  Swamp (4/4) Lair:2       Spider (4/4) Lair:3        Slime (5/5) Lair:4
    Orc (2/2) D:11            Elf (3/3) Orc:2        Vaults (5/5) D:14
  Crypt (3/3) Vaults:3       Tomb (3/3) Crypt:3      Depths (4/4) D:15
    Zot (5/5) Depths:4      Sewer (visited)           IceCv (visited)
Volcano (visited)         Desolation (visited)

Altars:
Ashenzari
Cheibriados
Dithmenos
Fedhas
Gozag
Hepliaklqana
Kikubaaqudgha
Makhleb
Nemelex Xobeh
Okawaru
Qazlal
Ru
Sif Muna
Trog
Uskayaw
Vehumet
Wu Jian
Xom
Yredelemnul
Jiyva

Shops:
D:2 [   D:3 (([   D:7 *   D:10 ==**=   D:14 (   D:15 *   Orc:1 *   Orc:2 *(=:

Portals:
Hell: Depths:1 Depths:2 Depths:3 Depths:4
Abyss: D:4 Depths:2 Depths:3
Pandemonium: Depths:2
Ziggurat: Depths:1

Annotations:
D:4 2 transporters, tls9540's ghost, novice OpSh
Elf:2 3 runed translucent doors
Vaults:3 8 runed translucent doors, abarbat's ghost, adept MiBe
Zot:5 2 exclusions


Innate Abilities, Weirdness & Mutations

You are a living statue of rough stone.
Your actions are slow, but your melee attacks are powerful.
You are resistant to unholy torment.
Your maximum health is greatly increased.
Your equipment is partially melded.
You are immune to poison.
You have claws for hands.
Your demonic aura causes all spilled blood to erupt in flames.
(You are completely covered in razor-sharp scales. (AC +3, Slay +3))
Spells you cast and wands you use may paralyse nearby enemies.
Your presence sometimes corrodes or deforms those you injure.
You can speak a Word of Chaos.
You have large cloven feet.
You are very clumsy. (Dex -4)
Your body sometimes deteriorates upon taking damage.
You are dopey. (Int -2)
Your muscles are strong. (Str +4, Int/Dex -1)


Message History

You feel robust.
You cannot drink potions in your current state!
You cannot drink potions in your current state!
Blink to where?
Press: ? - help, Dir - move target
As you read the scroll of blinking, it crumbles to dust.
The dread lich is no longer infested.
Your death scarab barely misses the Orb Guardian.
The orb of fire pulls the alarm!
The alarm trap emits a blaring wail!
The mark upon you grows brighter.
The Killer Klown enters a dispersal trap!
The dread lich blinks!
The Orb Guardian blinks!
The ancient lich blinks!
The dread lich blinks!
Your death scarab blinks!
The dread lich blinks!
The Orb Guardian blinks!
The orb of fire blinks!
The Orb Guardian blinks! x2
Your death scarab blinks!
The dread lich blinks!
You blink.
An Orb Guardian comes into view.
Found a wand of iceblast (4).
The Killer Klown blinks!
The dread lich casts a spell.
The dread lich flickers and vanishes for a moment.
An Orb Guardian comes into view.
The Tzitzimitl gestures at you.
The bolt of negative energy hits the hell beast.
The hell beast completely resists.
The bolt of negative energy hits you but does no damage.
You resist.
Blink to where?
Press: ? - help, Dir - move target
As you read the scroll of blinking, it crumbles to dust.
Your death scarab bites the dread lich but does no damage.
The dread lich touches your death scarab.
Your death scarab closely misses the dread lich.
The Orb Guardian fails to trigger a net trap.
The orb of fire emits a lurid red light.
The fireball explodes!
The fireball engulfs you! You resist.
You die...
Kikubaaqudgha rasps: "You have failed me!
Welcome... oblivion!"

*▓▓▓▓▓*********
▓▓▓▓.....,,,,,,,^*
▓▓.......^,,,,,,,,,
▓▓.........,,,,,,,,,
▓..........,,,,,,,,,
▓^.........,,,,,,,,,
*▓.........,,,,,,,,,
*▓8....../...,,,,^,
▓▓.....*....,,,,,,
▓▓.........XX,,,,,,
▓▓.......§.....,,,,,
▓......^XXX....,,,,,
▓....§.........,,,,,
▓▓^....XXL.....,,,,,
*▓.L§§§.LB....^,,,,
*▓§..§......,,,,,*


You could see an orb of fire, 3 dread liches, 5 Orb Guardians and a friendly
death scarab.

Vanquished Creatures
  A dread lich (Crypt:3)
  An orb of fire (Zot:3)
  A juggernaut (Depths:2)
  14 royal mummies
  4 curse toes
  3 caustic shrikes
  5 golden dragons
  A profane servitor (Crypt:3)
  A bone dragon (Depths:4)
  An electric golem (Zot:1)
  2 liches
  A walking crystal tome (Depths:3)
  10 tentacled monstrosities
  6 quicksilver dragons
  4 Orb Guardians (Zot:5)
  A deep elf master archer (Elf:3)
  Asterion (Elf:1)
  3 titans
  A walking earthen tome (Depths:3)
  16 acid blobs
  A walking divine tome (Depths:3)
  4 sphinxes
  An Executioner (Abyss:3)
  9 death cobs
  3 ancient champions
  A tentacled starspawn (Abyss:3)
  5 shadow dragons
  2 tengu reavers
  4 storm dragons
  8 draconian monks
  5 protean progenitors
  A revenant (Crypt:1)
  3 draconian knights
  2 rockslimes
  4 fire giants
  15 azure jellies
  5 deep elf sorcerers
  8 vault wardens
  8 frost giants
  A draconian scorcher (Zot:1)
  7 draconian shifters
  6 deep elf elementalists (Elf:3)
  A curse skull (Crypt:1)
  5 draconian stormcallers
  4 ghost moths
  3 ghouls
  13 very ugly things
  A formless jellyfish (Slime:2)
  An ironbound thunderhulk (Vaults:3)
  11 quicksilver oozes
  10 ironbound preservers
  2 spriggan defenders
  9 stone giants
  6 draconian annihilators
  4 vampire knights
  10 white draconians
  4 deep elf death magi
  4 deep elf demonologists (Elf:3)
  2 war gargoyles
  8 green draconians
  An eleionoma (Swamp:4)
  A bunyip (Tomb:2)
  7 dire elephants
  12 purple draconians
  7 red draconians
  2 deep elf annihilators (Elf:3)
  4 yellow draconians
  13 black draconians
  3 spark wasps
  An eidolon (Crypt:1)
  9 ettins
  A blizzard demon (Depths:4)
  4 entropy weavers
  21 jiangshi
  7 mummy priests
  9 yaktaur captains
  6 fire dragons
  4 ragged hierophants (Desolation)
  4 deep elf high priests (Elf:3)
  6 great orbs of eyes
  3 peacekeepers
  A caustic shrike simulacrum (Depths:3)
  2 spriggan air magi
  6 hydras
  A servant of whispers (Desolation)
  4 death knights
  A ghost crab (Swamp:4)
  6 ice dragons
  26 vault guards
  An alligator (shapeshifter) (Abyss:3)
  3 two-headed ogres
  2 jorogumos
  A centaur warrior (D:13)
  5 alligators
  2 anacondas (D:15)
  A fenstrider witch skeleton (Crypt:1)
  A radroach (Tomb:1)
  23 death scarabs
  2 spriggan skeletons
  2 boulder beetles (Lair:5)
  4 ironbound frosthearts
  6 dancing weapons
  3 deep troll shamans
  6 vampire magi
  3 tengu warriors
  4 deep troll earth magi
  A spriggan berserker (Depths:4)
  2 occultists
  5 thrashing horrors (Abyss:3)
  8 deep elf knights
  A demonic crawler (Spider:3)
  An emperor scorpion zombie (Crypt:2)
  2 soul eaters
  Nergalle (Lair:1)
  An iron troll (Depths:3)
  4 shadow wraiths (Crypt:3)
  5 skysharks
  3 pharaoh ants
  A sea snake (shapeshifter) (Vaults:5)
  2 swamp dragons (Swamp:4)
  A sun moth (Spider:2)
  5 glowing orange brains
  A large abomination (Abyss:3)
  A goliath frog (Swamp:1)
  9 deep elf archers
  3 mana vipers (Zot:3)
  23 skeletal warriors
  A bunyip skeleton (Crypt:1)
  5 arcanists
  25 deep trolls
  A spatial maelstrom (Abyss:3)
  A deep troll (shapeshifter) (Vaults:4)
  3 bog bodies
  A bunyip zombie (Crypt:2)
  2 steelbarb worms
  5 flayed ghosts (Crypt:3)
  An orb spider (shapeshifter) (Vaults:5)
  9 phantasmal warriors
  A shadow dragon zombie (Crypt:2)
  13 ironbound convokers
  An orc knight (Orc:1)
  A manticore (shapeshifter) (Vaults:2)
  9 lindwurms
  4 necromancers
  13 deep elf pyromancers
  16 deep elf zephyrmancers
  A harpy (Tomb:3)
  A sphinx simulacrum (Depths:3)
  2 stone giant zombies
  2 salamanders (Depths:2)
  2 shining eyes
  2 orc sorcerers
  A cyclops (shapeshifter) (Tomb:2)
  3 wolf spiders
  12 vault sentinels
  A meliai (D:14)
  23 ugly things
  3 elephants (Lair:1)
  28 moths of wrath
  3 cyclopes
  A water nymph (Zot:3)
  A torpor snail (Spider:2)
  2 gargoyles (Volcano)
  A black mamba (Lair:3)
  An eye of devastation (Slime:5)
  A smoke demon (Depths:2)
  A titan simulacrum (Depths:3)
  5 cane toads
  A naga zombie (Crypt:2)
  4 unseen horrors (Abyss:3)
  5 freezing wraiths
  3 rime drakes (IceCv)
  A yaktaur (shapeshifter) (Abyss:3)
  4 komodo dragons
  An alligator snapping turtle skeleton (Tomb:2)
  28 guardian mummies
  2 centaur skeletons
  An ancient zyme (Abyss:3)
  2 tengu conjurers
  8 yaktaurs
  A tormentor (Abyss:3)
  2 bloated husks
  A harpy zombie (Crypt:2)
  3 trolls
  3 polar bears
  6 hornets
  2 tyrant leeches
  11 saltlings (Desolation)
  7 tarantellas
  A harpy skeleton (Volcano)
  2 raiju
  2 dream sheep (Lair:5)
  11 blink frogs
  2 glass eyes
  3 snapping turtles (Zot:3)
  4 culicivoras
  2 jumping spiders
  An iron dragon simulacrum (Depths:3)
  2 fire dragon zombies
  A shadow (D:9)
  3 air elementals (Elf:1)
  64 slime creatures
  2 vampires
  4 spriggans
  17 yaks
  4 wraiths
  3 wyverns
  A ynoxinul (Abyss:3)
  2 fire elementals
  An ushabti (Tomb:2)
  2 basilisks
  4 water elementals
  6 wargs
  2 neqoxecs (Abyss:3)
  A steam dragon (Lair:2)
  A golden eye (Slime:5)
  A vampire mosquito (D:14)
  13 starcursed masses (Abyss:3)
  13 redbacks
  A chaos spawn (Abyss:3)
  2 swamp worms (Zot:3)
  3 acid dragons (Spider:2)
  9 water moccasins
  4 hell hounds (Lair:5)
  11 orc warriors
  5 swamp drakes
  7 black bears
  A sky beast (D:6)
  15 laughing skulls
  2 ogres
  A boggart (Vaults:1)
  A small abomination (Abyss:3)
  20 wolves
  6 centaurs
  3 kobold brigands
  4 bullfrogs
  2 earth elementals
  A necrophage (Crypt:3)
  A human simulacrum (Depths:3)
  A warg skeleton (Crypt:2)
  A burial acolyte (Crypt:3)
  A shapeshifter zombie (Crypt:2)
  2 killer bees
  3 electric eels
  A howler monkey (D:8)
  A wolf skeleton (Crypt:1)
  A hound (D:6)
  A bullfrog skeleton (Crypt:2)
  A gnoll bouda (D:7)
  6 orc priests
  11 orc wizards
  A hell rat (Lair:1)
  8 nameless horrors
  An ogre skeleton (Crypt:2)
  19 mummies
  2 gnolls (D:7)
  A white imp (D:7)
  2 dart slugs
  34 orcs
  4 ball pythons
  An endoplasm (D:3)
  A giant cockroach (D:3)
  3 goblins
  7 hobgoblins
  2 quokkas
  A river rat zombie (Crypt:1)
  3 bats
  4 frilled lizards (D:1)
  A jackal zombie (Crypt:1)
  2 kobolds (D:3)
  3 rats
  2 aspiring fleshes (Zot:3)
  A lurking horror (Abyss:3)
  A starspawn tentacle (Abyss:3)
1312 creatures vanquished.

Vanquished Creatures (collateral kills)
  the Royal Jelly (Slime:5)
  A dread lich (Zot:5)
  2 ancient liches
  An orb of fire (Zot:1)
  3 juggernauts
  Mara (Swamp:3)
  15 royal mummies
  Josephina (Depths:3)
  6 caustic shrikes
  5 golden dragons
  A curse toe (Zot:5)
  Nikola (Swamp:2)
  2 bone dragons
  A pearl dragon (Abyss:3)
  Norris (Depths:1)
  5 Orb Guardians (Zot:5)
  An Ice Fiend (Zot:4)
  9 tentacled monstrosities
  A walking crystal tome (Depths:2)
  Mlioglotl (Spider:4)
  5 titans
  A walking earthen tome (Depths:2)
  7 liches
  A deep elf blademaster (Elf:3)
  2 walking divine tomes (Depths:3)
  2 deep elf master archers (Elf:3)
  7 ancient champions
  7 sphinxes
  A death cob (Zot:1)
  20 acid blobs
  Gastronok (D:9)
  A kraken (Swamp:3)
  6 shadow dragons
  4 tentacled starspawn (Abyss:3)
  5 quicksilver dragons
  6 tengu reavers
  7 draconian monks (Zot:4)
  2 fenstrider witches
  13 rockslimes
  6 storm dragons
  Donald (Spider:1)
  9 azure jellies
  3 protean progenitors
  12 fire giants
  3 draconian knights
  2 deep elf sorcerers
  3 frost giants
  2 draconian shifters
  2 revenants
  2 ghost moths
  5 vault wardens
  5 draconian scorchers
  4 emperor scorpions
  A draconian stormcaller (Zot:1)
  A caustic shrike zombie (Abyss:3)
  2 draconian annihilators
  2 ironbound thunderhulks (Vaults:1)
  A reaper (Crypt:2)
  13 quicksilver oozes
  10 ironbound preservers
  10 ghouls
  7 formless jellyfish
  11 stone giants
  6 deep elf demonologists
  4 broodmothers
  16 very ugly things
  5 green draconians
  3 dire elephants
  3 black draconians
  A halazid warlock (Desolation)
  10 bennus
  3 war gargoyles
  The ghost of Caterwaul the Grappler, a journeyman TrSh of Wu Jian (Orc:1)
  A deep elf death mage (Crypt:2)
  3 yellow draconians
  5 eleionomae
  Azrael (Spider:1)
  5 red draconians
  3 bunyips
  2 deep elf annihilators (Elf:3)
  5 purple draconians
  7 white draconians
  3 spark wasps
  19 mummy priests
  6 crystal guardians
  2 eidola
  3 ettins
  A quicksilver dragon zombie (Tomb:3)
  5 ragged hierophants (Desolation)
  4 entropy weavers
  13 fire dragons
  3 deep elf high priests
  7 jiangshi
  3 shambling mangroves
  8 servants of whispers (Desolation)
  A hell beast (Depths:2)
  5 great orbs of eyes
  2 ice dragons
  4 yaktaur captains
  A great orb of eyes (shapeshifter) (Abyss:3)
  A spriggan zombie (Tomb:1)
  4 spriggan air magi
  7 rakshasas
  A ghost crab (Swamp:3)
  9 hydras
  6 peacekeepers
  2 catoblepae
  3 ogre magi
  4 vault guards
  4 centaur warriors
  6 alligators
  3 radroaches
  12 two-headed ogres
  6 boulder beetles
  7 dancing weapons
  5 deep troll shamans
  A death knight (Crypt:1)
  37 death scarabs
  5 ironbound frosthearts
  5 tengu warriors
  6 demonic crawlers
  3 deep troll earth magi
  2 hell hogs
  6 thrashing horrors (Abyss:3)
  An orc high priest (Elf:3)
  5 spriggan berserkers
  2 vampire magi
  An occultist (Depths:2)
  7 deep elf knights
  3 spriggans
  A sun demon (Depths:2)
  4 wretched stars (Abyss:3)
  Sonja (Orc:1)
  A skyshark (shapeshifter) (Depths:3)
  A fire crab (shapeshifter) (Abyss:3)
  A sixfirhy (Abyss:3)
  6 hell knights (Vaults:5)
  5 iron trolls
  18 skeletal warriors
  A skyshark (Lair:5)
  3 pharaoh ants
  3 shadow wraiths
  An anaconda zombie (Tomb:2)
  24 deep trolls
  2 goliath frogs
  A salamander mystic (Depths:2)
  A flayed ghost (Depths:3)
  6 swamp dragons
  An arcanist (Vaults:3)
  A shadow demon (Abyss:3)
  6 orb spiders
  A glowing orange brain (Depths:3)
  A mana viper (Abyss:3)
  8 bog bodies
  A sun moth (Spider:4)
  A spriggan simulacrum (Crypt:3)
  3 anaconda skeletons
  4 deep elf archers
  12 large abominations
  8 steelbarb worms
  A necromancer (Depths:2)
  An obsidian statue (Zot:5)
  8 lindwurms
  Pikel (D:6)
  5 orc knights
  12 phantasmal warriors
  10 deep elf pyromancers
  3 harpies
  A shadow dragon zombie (Tomb:2)
  14 wolf spiders
  10 deep elf zephyrmancers
  13 ironbound convokers
  A manticore (D:12)
  An oklob plant (Spider:2)
  9 will-o-the-wisps
  6 shining eyes
  21 ugly things
  2 alligator skeletons (Volcano)
  A dire elephant zombie (Tomb:2)
  5 black mambas
  A meliai (shapeshifter) (D:14)
  4 cyclopes
  8 vault sentinels
  3 elephants
  2 guardian serpents (Desolation)
  3 meliai
  6 moths of wrath
  7 kobold blastminers (Orc:2)
  A water nymph (Zot:3)
  A moth of wrath (shapeshifter) (Elf:3)
  3 eyes of devastation
  2 ice statues (IceCv)
  A molten gargoyle (Swamp:4)
  An eye of devastation (shapeshifter) (Vaults:5)
  4 smoke demons (Abyss:3)
  A naga zombie (Tomb:3)
  5 cane toads
  3 gargoyles (Volcano)
  2 torpor snails
  An orange demon (Abyss:3)
  A hellion (Abyss:3)
  3 efreet
  3 centaur skeletons (D:14)
  6 rime drakes
  4 unseen horrors (Abyss:3)
  8 yaktaurs
  8 freezing wraiths
  A komodo dragon (shapeshifter) (Abyss:3)
  31 guardian mummies
  5 ancient zymes (Abyss:3)
  A tengu conjurer (Depths:2)
  5 komodo dragons
  A harpy zombie (Crypt:2)
  A yellow draconian skeleton (Crypt:2)
  6 tyrant leeches
  6 hornets
  A troll (D:13)
  Prince Ribbit (D:9)
  A bloated husk (Swamp:1)
  10 polar bears
  A sun moth zombie (Crypt:1)
  57 saltlings (Desolation)
  9 raiju
  21 tarantellas
  6 glass eyes
  15 blink frogs
  A harpy skeleton (Volcano)
  10 dream sheep
  23 jumping spiders
  A centaur simulacrum (D:10)
  13 culicivoras
  58 slime creatures
  2 air elementals (Elf:1)
  30 yaks
  2 shadows (Crypt:3)
  5 wraiths
  3 wyverns
  3 water elementals
  5 fire elementals
  2 ynoxinuls (Abyss:3)
  8 ushabtiu
  3 fire bats (Swamp:4)
  A neqoxec (Abyss:3)
  3 golden eyes
  3 basilisks
  5 wargs
  2 chaos spawn (Abyss:3)
  Grum (D:9)
  A fire bat (shapeshifter) (Abyss:3)
  11 vampire mosquitoes
  36 redbacks
  14 swamp worms
  12 hell hounds
  8 acid dragons
  11 water moccasins
  A cane toad zombie (Crypt:1)
  A glowing shapeshifter skeleton (Crypt:1)
  10 swamp drakes (Swamp:4)
  15 laughing skulls
  An ice beast (D:5)
  6 black bears
  28 orc warriors
  6 small abominations
  2 boggarts (Elf:1)
  5 ogres
  2 phantoms (D:4)
  29 wolves
  5 centaurs
  2 lemures (D:6)
  A fire crab zombie (Crypt:2)
  3 kobold brigands
  A weeping skull (Volcano)
  2 brain worms (Abyss:3)
  6 bullfrogs
  An earth elemental (Swamp:1)
  2 naga simulacra (Crypt:3)
  3 necrophages (Crypt:3)
  5 scorpions
  9 wights
  3 burial acolytes (Crypt:3)
  6 killer bees
  2 lindwurm simulacra (IceCv)
  2 troll skeletons (Volcano)
  2 howler monkeys
  An electric eel (Spider:4)
  3 spriggan skeletons (Volcano)
  A bombardier beetle (D:7)
  A human zombie (Crypt:2)
  7 komodo dragon simulacra (IceCv)
  2 jellies (D:7)
  5 hounds
  A quasit (Abyss:3)
  3 orc priests
  23 starcursed masses (Abyss:3)
  2 gnoll boudas (D:9)
  3 iguanas
  An iron imp (Abyss:3)
  6 hell rats
  18 orc wizards
  A naga skeleton (Volcano)
  A tengu skeleton (Crypt:2)
  26 mummies
  17 gnolls
  4 acid dragon simulacra (IceCv)
  8 adders
  2 river rats (Sewer)
  A shadow imp (D:7)
  2 white imps
  8 steam dragon simulacra (IceCv)
  3 ribbon worms
  73 orcs
  5 endoplasms
  4 giant cockroaches (D:6)
  5 goblins
  7 hobgoblins
  2 nameless horrors
  2 quokkas
  A river rat zombie (Crypt:1)
  4 ball pythons
  31 kobolds
  5 rats
  2 aspiring fleshes (Zot:4)
  A butterfly (Lair:3)
  A lurking horror (Abyss:3)
  A spectral weapon (Desolation)
  6 starspawn tentacles (Abyss:3)
1873 creatures vanquished.

Vanquished Creatures (others)
  2 caustic shrikes
  4 golden dragons
  2 titans
  3 quicksilver dragons (Zot:4)
  A sphinx (Vaults:5)
  2 acid blobs
  3 tengu reavers
  5 shadow dragons
  6 storm dragons
  3 fenstrider witches
  A draconian shifter (Zot:1)
  6 frost giants
  2 ghost moths
  4 rockslimes
  2 fire giants (Depths:4)
  4 emperor scorpions
  4 vault wardens
  12 imperial myrmidons (Desolation)
  2 ironbound preservers
  3 broodmothers
  A formless jellyfish (Slime:5)
  2 spriggan defenders
  A quicksilver ooze (Slime:5)
  2 draconian stormcallers
  4 stone giants
  A dire elephant (Tomb:3)
  A purple draconian (Zot:1)
  10 spark wasps
  A yellow draconian (Zot:5)
  2 ettins
  5 fire dragons
  A great orb of eyes (Tomb:2)
  2 yaktaur captains
  4 hydras
  2 ice dragons
  4 radroaches
  A jorogumo (Spider:1)
  A peacekeeper (Desolation)
  An ironbound frostheart (Tomb:2)
  3 spriggan air magi
  2 anacondas (Tomb:1)
  A boulder beetle (Lair:5)
  5 centaur warriors
  A vampire mage (Crypt:2)
  A tengu warrior (Depths:3)
  4 deep troll shamans
  6 deep troll earth magi
  A spriggan berserker (Depths:2)
  An orc high priest (Elf:3)
  4 deep elf knights
  A fire crab (Lair:5)
  2 death drakes
  A lindwurm (Vaults:1)
  2 ironbound convokers
  2 harpies (Tomb:3)
  6 deep elf zephyrmancers
  6 deep elf pyromancers
  A necromancer (Tomb:3)
  14 moths of wrath
  3 vault sentinels
  2 torpor snails
  A cane toad (Lair:5)
  A tarantella (Spider:1)
  A hornet (Abyss:3)
  A tyrant leech (Swamp:4)
  A saltling (Desolation)
  A raiju (Abyss:3)
  5 bloated husks
  A polar bear (shapeshifter) (Depths:4)
  6 slime creatures
  A water elemental (Elf:2)
  2 jumping spiders (Spider:1)
  A swamp drake (Swamp:4)
  A brain worm (Abyss:3)
  24 foxfires
  9 starspawn tentacles (Abyss:3)
242 creatures vanquished.

Grand Total: 3427 creatures vanquished

Notes
Turn   | Place    | Note
-------+----------+-------------------------------------------
     0 | D:1      | ironshield the Demonspawn Summoner began the quest for the
                  | Orb.
     0 | D:1      | Reached XP level 1. HP: 13/13 MP: 3/3
   525 | D:1      | Gained mutation: You are partially covered in razor-sharp
                  | scales. (AC +1, Slay +1) [demonic ancestry]
   525 | D:1      | Reached XP level 2. HP: 19/19 MP: 3/5
  1007 | D:2      | Found a faded altar of an unknown god.
  1083 | D:2      | Identified the +5 dagger "Spiderbane" {chaos, rC+ Str+2
                  | Dex+2}
  1161 | D:2      | Found Lasegror's Armour Boutique.
  1413 | D:3      | Found Yveyjehata's Antique Weapon Emporium.
  1461 | D:3      | Reached XP level 3. HP: 21/24 MP: 6/6
  1465 | D:3      | Learned a level 3 spell: Call Canine Familiar
  1704 | D:3      | Reached skill level 5 in Summonings
  1775 | D:3      | Found Xul Dypt's Weapon Shoppe.
  1959 | D:3      | Found a bloodstained altar of Trog.
  2107 | D:3      | Gained mutation: Spells you cast may paralyse adjacent
                  | enemies. [demonic ancestry]
  2107 | D:3      | Reached XP level 4. HP: 30/30 MP: 8/8
  2197 | D:3      | Found Jiodoweg's Antique Armour Shop.
  2410 | D:4      | Noticed a phantom
  2667 | D:4      | Found a transporter.
  2715 | D:4      | Noticed an ancient zyme
  2731 | D:4      | Noticed a phantom
  2759 | D:4      | Noticed a nameless horror
  2862 | D:3      | Killed a nameless horror
  3185 | D:4      | Killed a phantom
  3186 | D:4      | Reached XP level 5. HP: 21/35 MP: 4/10
  3747 | D:4      | Found a transporter.
  3775 | D:4      | Killed a phantom
  3776 | D:4      | Reached XP level 6. HP: 37/41 MP: 7/11
  3883 | D:4      | Found a one-way gate to the infinite horrors of the Abyss.
  3883 | D:4      | Noticed tls9540's ghost (novice OpSh)
  4034 | D:5      | Entered Level 5 of the Dungeon
  4349 | D:5      | Learned a level 4 spell: Summon Lightning Spire
  4566 | D:5      | Reached XP level 7. HP: 27/46 MP: 7/13
  5008 | D:5      | Found a burning altar of Makhleb.
  5608 | D:6      | Reached skill level 5 in Spellcasting
  5778 | D:6      | Found a glowing drain.
  5967 | D:6      | Gained mutation: You have sharp fingernails. [demonic
                  | ancestry]
  5967 | D:6      | Reached XP level 8. HP: 52/52 MP: 9/16
  6020 | Sewer    | Entered a sewer
  6844 | D:6      | Noticed Pikel
  6868 | D:6      | Killed Pikel
  7505 | D:7      | Found Oxtitaeck's Neck Hole.
  7611 | D:7      | Gained mutation: Your demonic aura sometimes causes spilled
                  | blood to erupt in flames. [demonic ancestry]
  7611 | D:7      | Reached XP level 9. HP: 58/64 MP: 20/20
  7703 | D:7      | Found a staircase to the Ecumenical Temple.
  7714 | Temple   | Entered the Ecumenical Temple
  7735 | Temple   | Became a worshipper of Kikubaaqudgha
  7778 | D:7      | Reached skill level 1 in Necromancy
  8441 | D:7      | Found a snail-covered altar of Cheibriados.
  8608 | D:7      | Found a blossoming altar of Fedhas.
  8626 | D:7      | Reached * piety under Kikubaaqudgha
  8626 | D:7      | Received a gift from Kikubaaqudgha
  9185 | D:7      | Reached skill level 5 in Necromancy
 10265 | D:8      | Reached skill level 5 in Fighting
 10759 | D:8      | Reached XP level 10. HP: 64/74 MP: 19/22
 10887 | D:8      | Found a shimmering altar of Xom.
 11211 | D:9      | Noticed Prince Ribbit
 11226 | D:9      | Killed Prince Ribbit
 11409 | D:9      | Found a staircase to the Lair.
 11411 | D:9      | Noticed Gastronok
 11440 | D:9      | Killed Gastronok
 11691 | D:9      | Noticed Grum
 11945 | D:9      | Reached ** piety under Kikubaaqudgha
 12043 | D:9      | Found an iron altar of Okawaru.
 12055 | D:9      | Killed Grum
 12800 | Lair:1   | Entered Level 1 of the Lair of Beasts
 13226 | Lair:1   | Noticed an elephant
 13334 | Lair:1   | Reached skill level 10 in Necromancy
 13410 | Lair:1   | Noticed a black mamba
 13423 | Lair:1   | Killed a black mamba
 13424 | Lair:1   | Reached XP level 11. HP: 81/81 MP: 21/24
 13503 | Lair:1   | Noticed Nergalle
 15168 | Lair:1   | Killed Nergalle
 15829 | Lair:2   | Reached *** piety under Kikubaaqudgha
 15829 | Lair:2   | Received a gift from Kikubaaqudgha
 15837 | Lair:2   | Learned a level 6 spell: Death Channel
 15842 | Lair:2   | Learned a level 4 spell: Martyr's Knell
 16034 | Lair:2   | Noticed a skyshark
 16068 | Lair:2   | Killed a skyshark
 16408 | Lair:2   | Reached skill level 15 in Necromancy
 16435 | Lair:2   | Reached XP level 12. HP: 62/88 MP: 7/25
 17415 | Lair:2   | Noticed a four-headed hydra
 17512 | Lair:2   | Reached **** piety under Kikubaaqudgha
 18468 | Lair:2   | Killed a four-headed hydra
 18612 | Lair:2   | Found a staircase to the Swamp.
 19965 | Lair:3   | Noticed an eight-headed hydra
 19983 | Lair:3   | Killed an eight-headed hydra
 20209 | Lair:3   | Noticed a six-headed hydra
 20233 | Lair:3   | Killed a six-headed hydra
 20234 | Lair:3   | Gained mutation: You have very sharp fingernails. [demonic
                  | ancestry]
 20234 | Lair:3   | Reached XP level 13. HP: 48/93 MP: 14/26
 20841 | Lair:3   | Found a hole to the Spider Nest.
 21491 | Lair:4   | Identified a scroll of acquirement
 21493 | Lair:4   | Acquired the +3 pair of boots of Evolution {Slay+2}
 22368 | Lair:4   | Reached ***** piety under Kikubaaqudgha
 22401 | Lair:4   | Found a staircase to the Slime Pits.
 22475 | Lair:4   | Reached skill level 10 in Spellcasting
 22927 | Lair:5   | Entered Level 5 of the Lair of Beasts
 25838 | Lair:5   | Gained mutation: You have claws for hands. [demonic
                  | ancestry]
 25838 | Lair:5   | Reached XP level 14. HP: 90/100 MP: 22/29
 26198 | Lair:5   | Identified the +3 halberd of Dishonesty {freeze, *Corrode
                  | rF+++ Str+8}
 26738 | Lair:5   | Identified the scarf of Fetug {rC+ rF+, *Slow Str+5}
 27512 | D:10     | Entered Level 10 of the Dungeon
 28065 | D:10     | Found Ynucajah's Jewellery Emporium.
 28068 | D:10     | Bought the ring "Mexal" {Will+ Int+6 Stlth+} for 822 gold
                  | pieces
 28225 | D:10     | Identified the +4 leather armour of Amorality {Str+6 Int+4}
 28436 | D:10     | Acquired the ring of Aloerhil {rF+ AC+4 Slay+3}
 28441 | D:10     | Identified the +0 ring mail of Xom's Castigation {Will-
                  | Str+2 Int+3}
 28484 | D:10     | Found Lunwais's General Store.
 28612 | D:10     | Found a sparkling altar of Nemelex Xobeh.
 28613 | D:10     | Found an opulent altar of Gozag.
 28666 | D:10     | Found Maesoy's Assorted Antiques.
 28703 | D:10     | Found Zeosch's Jewellery Shoppe.
 28768 | D:10     | Found Anomn's Jewellery Shoppe.
 30290 | D:11     | Found a staircase to the Orcish Mines.
 30701 | D:12     | Reached ****** piety under Kikubaaqudgha
 30702 | D:12     | Received a gift from Kikubaaqudgha (forbidden knowledge)
 30723 | D:11     | Learned a level 8 spell: Infestation
 30731 | D:11     | Learned a level 7 spell: Haunt
 30785 | D:12     | Reached skill level 5 in Dodging
 30990 | D:12     | Found a hide-covered altar of Uskayaw.
 31806 | D:13     | Acquired the Papyrus of the Ashen Blink Frog
 31848 | D:12     | Learned a level 5 spell: Borgnjor's Vile Clutch
 32884 | D:13     | You fall into a shaft and drop 1 floor!
 33239 | D:14     | Identified the +4 dagger of Fapiaf {spect, *Noise rF++ rC+}
 33588 | D:14     | Identified the +1 hand axe of Fiafetui {freeze, rElec rC+
                  | SInv}
 34805 | D:14     | Gained mutation: Spells you cast may paralyse nearby
                  | enemies. [demonic ancestry]
 34805 | D:14     | Reached XP level 15. HP: 105/114 MP: 6/30
 35106 | D:14     | Found Egomnoh's Weapon Shoppe.
 35571 | D:14     | Found a gate to the Vaults.
 36010 | D:15     | Entered Level 15 of the Dungeon
 36205 | D:15     | Reached skill level 5 in Stealth
 37390 | D:15     | Found a staircase to the Depths.
 37777 | D:15     | Found Hooblya's Serpentskin Sales.
 37860 | D:15     | Bought a +2 robe of poison resistance for 220 gold pieces
 38275 | Orc:1    | Entered Level 1 of the Orcish Mines
 38282 | Orc:1    | Noticed Sonja
 38287 | Orc:1    | Killed Sonja
 38431 | Orc:1    | Found a frozen archway.
 38440 | IceCv    | Entered an ice cave
 39111 | Orc:2    | Entered Level 2 of the Orcish Mines
 39134 | Orc:2    | Found a staircase to the Elven Halls.
 39176 | Orc:2    | Found Kausau Kaha's Jewellery Shoppe.
 39176 | Orc:2    | Found Tympal's Weapon Shop.
 39185 | Orc:2    | Found Toikhojo's Book Emporium.
 39188 | Orc:2    | Found Ohus's General Store.
 39475 | Orc:2    | Found a burning altar of Makhleb.
 39511 | Orc:2    | Found a dark tunnel.
 39858 | Volcano  | Entered a volcano
 39968 | Volcano  | Reached skill level 1 in Shapeshifting
 40505 | Orc:1    | Identified the +5 great mace "Uryth" {heavy, ^Contam rCorr
                  | Dex+3}
 40505 | Orc:1    | Found a transporter.
 40506 | Orc:1    | Found a transporter.
 40507 | Orc:1    | Noticed Caterwaul's ghost (journeyman TrSh)
 40937 | Orc:1    | Found Ducsah's Assorted Antiques.
 40946 | Orc:1    | Bought a wavering lead ring for 165 gold pieces
 40946 | Orc:1    | Identified the ring of Falisea {rElec rN+ Int+3 Stlth+}
                  | (You bought it in a shop on level 1 of the Orcish Mines)
 41091 | Orc:1    | Gained mutation: You are mostly covered in razor-sharp
                  | scales. (AC +2, Slay +2) [demonic ancestry]
 41091 | Orc:1    | Reached XP level 16. HP: 115/120 MP: 26/33
 41697 | Orc:1    | Killed Caterwaul's ghost
 41894 | Spider:1 | Entered Level 1 of the Spider Nest
 41894 | Spider:1 | Noticed Donald
 41902 | Spider:1 | Killed Donald
 41995 | Spider:1 | Reached skill level 5 in Shapeshifting
 42598 | Spider:1 | Noticed Azrael
 42608 | Spider:1 | Killed Azrael
 46251 | Spider:2 | Noticed an acid blob
 46255 | Spider:2 | Killed an acid blob
 46377 | Spider:3 | Identified the +2 helmet of Impermeability {Rampage rPois
                  | rN+ Str+3}
 48109 | Spider:3 | Gained mutation: Your presence sometimes corrodes those you
                  | injure. [demonic ancestry]
 48109 | Spider:3 | Reached XP level 17. HP: 123/126 MP: 3/35
 48880 | Spider:3 | Reached skill level 15 in Spellcasting
 50154 | Spider:4 | Entered Level 4 of the Spider Nest
 50294 | Spider:4 | Noticed Mlioglotl
 50306 | Spider:4 | Killed Mlioglotl
 51604 | Spider:4 | Reached skill level 10 in Shapeshifting
 51608 | Spider:4 | Reached skill level 1 in Unarmed Combat
 51684 | Spider:4 | Acquired 1314 gold pieces
 52189 | Orc:2    | Bought the granite talisman "Efixzany" {rN+ rCorr} for 2566
                  | gold pieces
 52328 | D:10     | Bought the amulet "Valat" {RegenMP +Blink rN+ Str+2} for
                  | 838 gold pieces
 52888 | Spider:4 | Got a gossamer rune of Zot
 53166 | Swamp:1  | Entered Level 1 of the Swamp
 54368 | Swamp:1  | Noticed a tentacled monstrosity
 54396 | Swamp:1  | Killed a tentacled monstrosity
 56075 | Swamp:2  | Noticed Nikola
 56079 | Swamp:2  | Killed Nikola
 56357 | Swamp:2  | Reached skill level 5 in Unarmed Combat
 57776 | Swamp:4  | Entered Level 4 of the Swamp
 58341 | Swamp:3  | Gained mutation: Your demonic aura often causes spilled
                  | blood to erupt in flames. [demonic ancestry]
 58341 | Swamp:3  | Reached XP level 18. HP: 133/133 MP: 31/37
 58725 | Swamp:3  | Noticed Mara
 58730 | Swamp:3  | Killed Mara
 59399 | Swamp:4  | Got a decaying rune of Zot
 60552 | Vaults:1 | Entered Level 1 of the Vaults
 60575 | Vaults:1 | Found a crumbling gateway.
 60648 | Desolati | Entered the Desolation of Salt
 60759 | Desolati | Got the Discursus on the Ghastly Valley
 60768 | Desolati | Identified the amulet of the Commoners {Faith rC+ rCorr
                  | Str+3}
 60772 | Desolati | Identified the amulet "Dueniurph" {RegenMP rPois}
 60810 | Desolati | Identified the +1 longbow of Wucvamuv {heavy, Will+ Int+3
                  | Dex+4}
 61199 | Desolati | Identified the amulet of Mirth {Spirit MP+9 Slay+3}
 61217 | Desolati | Got the Codex of Mutable Assembling
 61300 | Desolati | Identified the +1 buckler "Muomm" {rPois rCorr}
 61399 | Desolati | Got Quotidian Mysticism
 61453 | Desolati | Reached XP level 19. HP: 138/138 MP: 35/38
 61645 | Desolati | Got Nueffaqygy's Vellum of Attacks
 61646 | Desolati | Identified the ring "Manoedib" {rF+ rN+ SInv}
 61656 | Desolati | Identified the amulet "Piploipo" {Faith Str+3}
 61665 | Desolati | Reached skill level 15 in Shapeshifting
 64323 | Vaults:2 | Reached skill level 10 in Unarmed Combat
 64887 | Vaults:2 | Identified the +8 broad axe "Iqutwio" {heavy, Str+4}
 65085 | Vaults:2 | Reached skill level 10 in Fighting
 66559 | Vaults:3 | Gained mutation: You are completely covered in razor-sharp
                  | scales. (AC +3, Slay +3) [demonic ancestry]
 66559 | Vaults:3 | Reached XP level 20. HP: 149/149 MP: 33/39
 67211 | Vaults:3 | Found a staircase to the Crypt.
 67211 | Vaults:3 | Found an ancient bone altar of Kikubaaqudgha.
 67212 | Vaults:3 | Found a basalt altar of Yredelemnul.
 67352 | Vaults:3 | Found a large runed translucent door.
 67352 | Vaults:3 | Found a large runed translucent door.
 67352 | Vaults:3 | Found a large runed translucent door.
 67352 | Vaults:3 | Found a large runed translucent door.
 67352 | Vaults:3 | Found a large runed translucent door.
 67352 | Vaults:3 | Found a large runed translucent door.
 67352 | Vaults:3 | Found a large runed translucent door.
 67352 | Vaults:3 | Found a large runed translucent door.
 67352 | Vaults:3 | Noticed abarbat's ghost (adept MiBe)
 70191 | Elf:1    | Entered Level 1 of the Elven Halls
 70194 | Elf:1    | Paralysed by an air elemental for 1 turns
 70197 | Elf:1    | Paralysed by an air elemental for 1 turns
 70286 | Elf:1    | Learned a level 8 spell: Ignition
 70290 | Elf:1    | Paralysed by an air elemental for 1 turns
 70382 | Elf:1    | Reached skill level 1 in Fire Magic
 70398 | Elf:1    | Paralysed by an air elemental for 1 turns
 70517 | Elf:1    | Identified the serpent talisman of Unreason {rElec}
 70824 | Elf:1    | Noticed Asterion
 70838 | Elf:1    | Killed Asterion
 71158 | Elf:2    | Reached skill level 5 in Fire Magic
 71352 | Elf:2    | Found a runed translucent gate.
 71352 | Elf:2    | Found a runed translucent gate.
 71362 | Elf:2    | Found a runed translucent gate.
 71704 | Elf:3    | Entered Level 3 of the Elven Halls
 72050 | Elf:3    | Identified the ring of Sinn {Wiz rN+ Str-4 Dex+6}
 72189 | Elf:3    | Gained mutation: Your presence sometimes corrodes or
                  | deforms those you injure. [demonic ancestry]
 72189 | Elf:3    | Reached XP level 21. HP: 130/159 MP: 6/40
 72797 | Abyss:3  | Cast into level 3 of the Abyss (a deep elf demonologist)
 72987 | Abyss:3  | Reached skill level 10 in Fire Magic
 73010 | Elf:3    | Escaped the Abyss
 74060 | Abyss:3  | Cast into level 3 of the Abyss (a deep elf demonologist)
 74129 | Abyss:3  | Noticed an ancient lich
 74132 | Abyss:3  | Killed an ancient lich
 74279 | Elf:3    | Escaped the Abyss
 74289 | Elf:3    | Identified the +12 dagger "Tausoan" {holy, +Blink rElec
                  | rN++ Int-2}
 74291 | Elf:3    | Identified the staff "Adoejef" {rPois Will- SInv Conj
                  | Necro}
 74307 | Elf:3    | Identified the amulet "Yser" {+Inv rC+ Regen+ Str-5 Dex+6}
 74717 | Elf:3    | Identified the +3 scimitar of Dominance {speed, Will+++
                  | Int+5 Stlth-}
 74740 | Elf:3    | Identified the +3 morningstar of Dishonesty {drain, rC+
                  | Stlth+}
 74740 | Elf:3    | Identified the ring of Hit Erch {rF+ SInv}
 74821 | Elf:3    | Identified the -2 pair of gloves of Fyaclap {rF+ rCorr}
 74846 | Elf:3    | Identified the scarf of the Beekeeper {harm, rCorr}
 75194 | Depths:1 | Entered Level 1 of the Depths
 75368 | Depths:1 | Found a gateway to Hell.
 75532 | Depths:1 | Noticed Norris
 75562 | Depths:1 | Killed Norris
 76009 | Depths:1 | Found a one-way gateway to a ziggurat.
 76330 | Depths:2 | Noticed a golden dragon
 76339 | Depths:2 | Reached XP level 22. HP: 165/165 MP: 19/41
 76345 | Depths:2 | Killed a golden dragon
 76863 | Depths:2 | Noticed a caustic shrike
 76872 | Depths:1 | Killed a caustic shrike
 76981 | Depths:2 | Reached skill level 15 in Fire Magic
 76985 | Depths:2 | Noticed a juggernaut
 76991 | Depths:2 | Killed a juggernaut
 76995 | Depths:2 | Noticed a caustic shrike
 77003 | Depths:2 | Noticed a caustic shrike
 77005 | Depths:2 | Killed a caustic shrike
 77006 | Depths:2 | Noticed a golden dragon
 77007 | Depths:2 | Killed a caustic shrike
 77010 | Depths:2 | Killed a golden dragon
 77822 | Depths:2 | Noticed a juggernaut
 77829 | Depths:2 | Killed a juggernaut
 78153 | Depths:2 | Identified the +2 demon trident "Hirizot" {vamp, rF+ rCorr
                  | Dex+2}
 78557 | Depths:2 | Got the Secrets of Fascination and the Tektite
 78580 | Depths:2 | Identified the +3 scimitar of Vuphet {distort, Int+3}
 78812 | Depths:2 | Found a one-way gate leading to the halls of Pandemonium.
 79194 | Depths:3 | Noticed a juggernaut
 79202 | Depths:3 | Killed a juggernaut
 79512 | Depths:3 | Identified the ring "Iducim" {Ice Dex+4}
 79512 | Depths:3 | Noticed Josephina
 80050 | Depths:3 | Noticed a juggernaut
 80444 | Depths:3 | Gained mutation: Your demonic aura causes all spilled blood
                  | to erupt in flames. [demonic ancestry]
 80444 | Depths:3 | Reached XP level 23. HP: 174/174 MP: 32/42
 80444 | Depths:3 | Noticed a caustic shrike
 80451 | Depths:3 | Killed a caustic shrike
 80654 | Depths:3 | Killed Josephina
 80806 | Depths:3 | Killed a juggernaut
 81198 | Depths:4 | Entered Level 4 of the Depths
 81198 | Depths:4 | Found a runed translucent door.
 81267 | Depths:4 | Noticed a caustic shrike
 81270 | Depths:4 | Noticed a caustic shrike
 81779 | Depths:4 | Noticed a caustic shrike
 81781 | Depths:4 | Noticed a caustic shrike
 81783 | Depths:4 | Noticed a caustic shrike
 81787 | Depths:4 | Killed a caustic shrike
 81792 | Depths:4 | Killed a caustic shrike
 81793 | Depths:4 | Killed a caustic shrike
 81795 | Depths:4 | Killed a caustic shrike
 81898 | Depths:4 | Killed a caustic shrike
 82580 | Depths:4 | Found a gate to the Realm of Zot.
 82639 | Depths:4 | Found the brooch of Shielding {Spirit SH+8}
 82641 | Depths:4 | Found the amulet of the Four Winds {rN+ Will+++ Clar}
 82783 | Depths:4 | Found a stormy altar of Qazlal.
 82891 | Depths:4 | Reached skill level 15 in Fighting
 83377 | Vaults:5 | Entered Level 5 of the Vaults
 83385 | Vaults:5 | Gained mutation: Spells you cast and wands you use may
                  | paralyse nearby enemies. [demonic ancestry]
 83385 | Vaults:5 | Reached XP level 24. HP: 189/189 MP: 5/42
 83470 | Vaults:5 | Got a silver rune of Zot
 83541 | Vaults:4 | Learned a level 9 spell: Fire Storm
 83780 | Vaults:5 | Reached skill level 1 in Conjurations
 84460 | Vaults:5 | Identified the +0 robe of Fortitude {Will++ Str-4 Int+2}
 85035 | Vaults:5 | Identified the +0 cloak "Xovoweur" {Rampage rN+++ Int+2
                  | Dex-4}
 85043 | Vaults:5 | Identified the +5 great sword "Meihomud" {holy, Str+3
                  | Stlth+}
 85133 | Vaults:5 | Found the +10 dark maul {heavy}
 85142 | Vaults:5 | Reached skill level 5 in Conjurations
 85143 | Vaults:5 | Identified the +4 war axe of Firoluda {heavy, ^Contam *Rage
                  | rC+ rN+++}
 85860 | Vaults:5 | Identified the ring "Alixie" {Ice rElec Will+ rCorr Str-5}
 85870 | Vaults:5 | Identified the staff of Wounding {^Contam rPois Int+4 Earth
                  | Alchemy}
 86563 | Slime:1  | Entered Level 1 of the Pits of Slime
 86914 | Slime:1  | Gained mutation: Armour fits poorly on your strangely
                  | shaped body. [a shining eye]
 86915 | Slime:1  | Gained mutation: You are dopey. (Int -2) [a shining eye]
 88110 | Slime:1  | Found a viscous altar of Jiyva.
 88375 | Slime:4  | Reached XP level 25. HP: 197/197 MP: 29/43
 88405 | Slime:4  | Reached skill level 10 in Conjurations
 88408 | Slime:4  | Reached skill level 15 in Unarmed Combat
 88791 | Slime:5  | Entered Level 5 of the Pits of Slime
 89007 | Slime:5  | Gained mutation: You are frail. (-10% HP) [a shining eye]
 89011 | Slime:5  | Gained mutation: Your body sometimes deteriorates upon
                  | taking damage. [a shining eye]
 89025 | Slime:5  | Noticed the Royal Jelly
 89049 | Slime:5  | Killed the Royal Jelly
 89503 | Slime:5  | Got a slimy rune of Zot
 89557 | Slime:5  | Identified the amulet of the Exiled Princes {RegenMP rCorr
                  | Dex+2 Stlth+}
 89580 | Slime:5  | Identified the +4 halberd "Baruhuer" {holy, Will++ MP-9
                  | Str+2}
 89604 | Slime:5  | Identified the +7 orcbow of the Leaping Goat {speed, rF+}
 89620 | Slime:5  | Identified the +5 orcbow "Lesmot" {drain, rPois rC- Will+
                  | Str+3}
 89626 | Slime:5  | Identified the +6 rapier of the Jolly Deaths {heavy, Dex+3}
 90441 | Depths:2 | Voluntarily entered the Abyss.
 90490 | Abyss:3  | Found a corrupted altar of Lugonu.
 90507 | Abyss:3  | Got an abyssal rune of Zot
 90670 | Depths:2 | Escaped the Abyss
 90943 | Crypt:1  | Entered Level 1 of the Crypt
 90944 | Crypt:1  | Lost mutation: You are frail. (-10% HP) [potion of
                  | mutation]
 90944 | Crypt:1  | Lost mutation: Your body sometimes deteriorates upon taking
                  | damage. [potion of mutation]
 90944 | Crypt:1  | Gained mutation: You have large cloven feet. [potion of
                  | mutation]
 90944 | Crypt:1  | Gained mutation: Your health recovers twice as slowly from
                  | being drained. [potion of mutation]
 90945 | Crypt:1  | Lost mutation: Armour fits poorly on your strangely shaped
                  | body. [potion of mutation]
 90945 | Crypt:1  | Lost mutation: Your health recovers twice as slowly from
                  | being drained. [potion of mutation]
 90945 | Crypt:1  | Lost mutation: You are dopey. (Int -2) [potion of mutation]
 90945 | Crypt:1  | Gained mutation: You passively dampen the noise of your
                  | surroundings. [potion of mutation]
 90945 | Crypt:1  | Lost mutation: You passively dampen the noise of your
                  | surroundings. [potion of mutation]
 90945 | Crypt:1  | Gained mutation: You are frail. (-10% HP) [potion of
                  | mutation]
 90945 | Crypt:1  | Gained mutation: Your mind is acute. (Int +4, Str/Dex -1)
                  | [potion of mutation]
 90946 | Crypt:1  | Lost mutation: You are frail. (-10% HP) [potion of
                  | mutation]
 90946 | Crypt:1  | Lost mutation: Your mind is acute. (Int +4, Str/Dex -1)
                  | [potion of mutation]
 90946 | Crypt:1  | Gained mutation: Your muscles are strong. (Str +4, Int/Dex
                  | -1) [potion of mutation]
 90946 | Crypt:1  | Gained mutation: You are clumsy. (Dex -2) [potion of
                  | mutation]
 90946 | Crypt:1  | Gained mutation: Your spells are a little easier to cast,
                  | but a little less powerful. [potion of mutation]
 90946 | Crypt:1  | Gained mutation: You have a pair of small horns on your
                  | head. [potion of mutation]
 90947 | Crypt:1  | Lost mutation: You have a pair of small horns on your head.
                  | [potion of mutation]
 90947 | Crypt:1  | Lost mutation: Your spells are a little easier to cast, but
                  | a little less powerful. [potion of mutation]
 90947 | Crypt:1  | Gained mutation: You are very clumsy. (Dex -4) [potion of
                  | mutation]
 90947 | Crypt:1  | Gained mutation: You are strong-willed. (Will+) [potion of
                  | mutation]
 90947 | Crypt:1  | Gained mutation: Your muscles are very strong. (Str +8,
                  | Int/Dex -2) [potion of mutation]
 92711 | Crypt:2  | Reached skill level 15 in Conjurations
 92918 | Crypt:2  | Gained mutation: You can speak a Word of Chaos. [demonic
                  | ancestry]
 92918 | Crypt:2  | Reached XP level 26. HP: 198/204 MP: 26/43
 93196 | Crypt:2  | Found an ancient bone altar of Kikubaaqudgha.
 93509 | Crypt:3  | Entered Level 3 of the Crypt
 93897 | Crypt:3  | Found a basalt altar of Yredelemnul.
 94075 | Crypt:3  | Found a staircase to the Tomb.
 94075 | Crypt:3  | Noticed a dread lich
 94078 | Crypt:3  | Killed a dread lich
 94111 | Crypt:3  | Identified the +8 flail of True Grit {drain, rCorr Stlth+}
 94767 | Tomb:1   | Entered Level 1 of the Tomb of the Ancients
 95515 | Tomb:1   | Noticed a royal mummy
 95518 | Tomb:1   | Killed a royal mummy
 95850 | Tomb:2   | Noticed a royal mummy
 95858 | Tomb:2   | Killed a royal mummy
 95859 | Tomb:2   | Noticed a royal mummy
 95868 | Tomb:2   | Noticed a royal mummy
 95868 | Tomb:2   | Killed a royal mummy
 95872 | Tomb:2   | Killed a royal mummy
 95878 | Tomb:2   | Noticed a royal mummy
 95880 | Tomb:2   | Killed a royal mummy
 96539 | Tomb:1   | Noticed a royal mummy
 96539 | Tomb:1   | Noticed a royal mummy
 96539 | Tomb:1   | Noticed a royal mummy
 96542 | Tomb:1   | Noticed a royal mummy
 96544 | Tomb:1   | Noticed a royal mummy
 96545 | Tomb:1   | Killed a royal mummy
 96545 | Tomb:1   | Noticed a royal mummy
 96546 | Tomb:1   | Killed a royal mummy
 96547 | Tomb:1   | Killed a royal mummy
 96547 | Tomb:1   | Killed a royal mummy
 96548 | Tomb:1   | Killed a royal mummy
 96555 | Tomb:1   | Killed a royal mummy
 96803 | Tomb:1   | Noticed a royal mummy
 96809 | Tomb:1   | Noticed a royal mummy
 96812 | Tomb:1   | Noticed a royal mummy
 96814 | Tomb:1   | Killed a royal mummy
 96816 | Tomb:1   | Noticed a royal mummy
 96819 | Tomb:1   | Killed a royal mummy
 96820 | Tomb:1   | Killed a royal mummy
 96822 | Tomb:1   | Killed a royal mummy
 96822 | Tomb:1   | Noticed a royal mummy
 96823 | Tomb:1   | Reached XP level 27. HP: 44/210 MP: 8/44
 96823 | Tomb:1   | Noticed a royal mummy
 96827 | Tomb:1   | Noticed a royal mummy
 96829 | Tomb:1   | Killed a royal mummy
 96829 | Tomb:1   | Killed a royal mummy
 96830 | Tomb:1   | Noticed a royal mummy
 96830 | Tomb:1   | Noticed a royal mummy
 96832 | Tomb:1   | Killed a royal mummy
 96832 | Tomb:1   | Killed a royal mummy
 96832 | Tomb:1   | HP: 5/273 [something (12)]
 96834 | Tomb:1   | Killed a royal mummy
 97419 | Tomb:1   | Acquired 583 gold pieces
 97564 | Tomb:3   | Entered Level 3 of the Tomb of the Ancients
 97583 | Tomb:3   | Noticed a royal mummy
 97583 | Tomb:3   | Noticed a royal mummy
 97589 | Tomb:3   | Noticed a royal mummy
 97592 | Tomb:3   | Noticed a royal mummy
 97595 | Tomb:3   | Killed a royal mummy
 97595 | Tomb:3   | Killed a royal mummy
 97595 | Tomb:3   | Noticed a royal mummy
 97597 | Tomb:3   | Killed a royal mummy
 97598 | Tomb:3   | Killed a royal mummy
 97598 | Tomb:3   | Killed a royal mummy
 97630 | Tomb:3   | Noticed a royal mummy
 97637 | Tomb:3   | Killed a royal mummy
 97638 | Tomb:3   | Noticed a royal mummy
 97638 | Tomb:3   | Noticed a royal mummy
 97641 | Tomb:3   | Killed a royal mummy
 97643 | Tomb:3   | Killed a royal mummy
 97646 | Tomb:3   | Noticed a royal mummy
 97648 | Tomb:3   | Killed a royal mummy
 97664 | Tomb:3   | Got a golden rune of Zot
 98264 | Tomb:3   | Identified the +0 robe "Acipn" {Int+4 Stlth+}
 98313 | Tomb:3   | Identified the blade talisman "Kipox" {Dex+5}
 98314 | Tomb:3   | Identified the ring of Dejeuv {rF+ Dex+2}
 98334 | Tomb:3   | Identified the scarf "Faomuf" {harm, MP+9}
 98352 | Tomb:3   | Identified the ring "Wuigageu" {rElec MP+9 Str+2 Dex+3
                  | Slay-4}
 98357 | Tomb:3   | Identified the +5 demon trident of Rastog {drain, rF+
                  | Str+3}
 98426 | Tomb:3   | Identified the +7 orcbow "Honabeh" {drain, Str+3 Int+3
                  | Dex+3}
 98441 | Tomb:3   | Identified the +10 quarterstaff of the Head {freeze, rN+
                  | Str+2}
 99230 | Zot:1    | Entered Level 1 of the Realm of Zot
 99443 | Zot:1    | Noticed an orb of fire
 99444 | Zot:1    | Gained mutation: You are frail. (-10% HP) [an orb of fire]
 99453 | Zot:1    | Killed an orb of fire
 99960 | Zot:1    | Found a shadowy altar of Dithmenos.
103270 | Zot:3    | Noticed an orb of fire
103275 | Zot:3    | Gained mutation: You are vulnerable to heat. (rF-) [an orb
                  | of fire]
103277 | Zot:3    | Gained mutation: You are dopey. (Int -2) [an orb of fire]
103280 | Zot:3    | Killed an orb of fire
103289 | Zot:3    | Lost mutation: You are vulnerable to heat. (rF-) [potion of
                  | mutation]
103289 | Zot:3    | Lost mutation: You are strong-willed. (Will+) [potion of
                  | mutation]
103289 | Zot:3    | Gained mutation: You are vulnerable to cold. (rC-) [potion
                  | of mutation]
103289 | Zot:3    | Gained mutation: You possess an exceptional clarity of
                  | mind. [potion of mutation]
103290 | Zot:3    | Lost mutation: You are vulnerable to cold. (rC-) [potion of
                  | mutation]
103290 | Zot:3    | Lost mutation: Your muscles are very strong. (Str +8,
                  | Int/Dex -2) [potion of mutation]
103290 | Zot:3    | Gained mutation: You are very frail. (-20% HP) [potion of
                  | mutation]
103290 | Zot:3    | Gained mutation: You occasionally shout uncontrollably at
                  | your foes. [potion of mutation]
103290 | Zot:3    | Lost mutation: You are dopey. (Int -2) [potion of mutation]
103291 | Zot:3    | Lost mutation: You possess an exceptional clarity of mind.
                  | [potion of mutation]
103291 | Zot:3    | Lost mutation: You occasionally shout uncontrollably at
                  | your foes. [potion of mutation]
103291 | Zot:3    | Lost mutation: You are very frail. (-20% HP) [potion of
                  | mutation]
103291 | Zot:3    | Lost mutation: You are frail. (-10% HP) [potion of
                  | mutation]
103905 | Zot:4    | HP: 13/276 [yellow draconian annihilator/crystal spear
                  | (50)]
105781 | Zot:4    | Noticed an ancient lich
105828 | Zot:4    | Killed an ancient lich
105995 | Zot:4    | Found a stormy altar of Qazlal.
106779 | Zot:5    | Entered Level 5 of the Realm of Zot
107439 | Zot:5    | Noticed an orb of fire
107439 | Zot:5    | Noticed a dread lich
107440 | Zot:5    | Noticed a dread lich
107443 | Zot:5    | Noticed an ancient lich
107444 | Zot:5    | Noticed a dread lich
107445 | Zot:5    | Noticed a dread lich
107446 | Zot:5    | Noticed an ancient lich
107448 | Zot:5    | Gained mutation: You are dopey. (Int -2) [an orb of fire]
107449 | Zot:5    | Gained mutation: Your body sometimes deteriorates upon
                  | taking damage. [an orb of fire]
107450 | Zot:5    | Killed a dread lich
107453 | Zot:5    | Noticed a dread lich
107453 | Zot:5    | Noticed an orb of fire
107457 | Zot:5    | Gained mutation: You are frail. (-10% HP) [an orb of fire]
107457 | Zot:5    | HP: 9/261 [Killer Klown/klown pie (52)]
107457 | Zot:5    | Lost mutation: You are frail. (-10% HP) [mutagenic glow]
107459 | Zot:5    | Killed from afar by an orb of fire

Illustrated notes

Levels and vault maps discovered:
D:1:      dpeg_arrival_renting, layout_basic
D:2:      layout_basic, basic_ecumenical_altar, serial_glass, glass_columns_a,
          glass_columns_a, glass_columns_a, glass_columns_b, item_on_display_a,
          serial_shops, shop, minmay_misc_feat_secret_circle, corner_web_ring
D:3:      minmay_inner_zag, layout_loops_cross, lemuel_doored_altar,
          serial_shops, shop_fountains, shop, nicolae_shop_advertising_works
          [nicolae_subvault_shop_adworks]
D:4:      layout_rooms, gammafunk_ghost_abyssal_escape, nicolae_eternal_life
D:5:      corexii_shack_village, layout_basic, mainiacjoe_overflow_brackets,
          minmay_misc_feat_doors
D:6:      layout_basic, gup_sewer_entry_glass, uniq_pikel
D:7:      layout_basic, slow_altar_2, mainiacjoe_overflow_cross_hatched,
          temple_statues, nicolae_shop_sticking_my_neck_out
D:8:      layout_loops_ring, lemuel_coloured_pillars_altar
D:9:      layout_gridville, okawaru_metal_pillars_3, lair_entry_dummy,
          nicolae_concentric_dashed_squares_wild, uniq_grum,
          uniq_prince_ribbit1, uniq_gastronok
D:10:     layout_irregular_city, grunt_temple_overflow_open, serial_shops, shop,
          shop, kennysheep_mini, nicolae_shop_crystal,
          nicolae_shop_real_fake_doors, serial_glass, glass_columns_a,
          glass_columns_a, glass_columns_c, glass_columns_b,
          serial_library_regret_index_small_wings, nicolae_doodle_vault
D:11:     layout_loops_ring, erik_orc_1, minivault_20
D:12:     layout_cave_pools, nicolae_uskayaw_murder_on_the_dancefloor
D:13:     layout_basic, lemuel_old_faithful
D:14:     layout_loops_ring, hangedman_vaults_entry_quadrant_bands,
          serial_bayou_pond_d, serial_shops, shop
D:15:     hangedman_depths_entry_civil_slaughter, layout_rooms,
          guppyfry_shop_venom
Temple:   nicolae_temple_godzebo
Lair:1:   layout_loops_ring, serial_bayou_pond_b, uniq_nergalle
Lair:2:   nzn_winding_woodlands_small
          [nzn_winding_woodlands_5x15_river_crossing,
          nzn_winding_woodlands_center_pierced_h,
          nzn_winding_woodlands_5x15_parted], layout_loops_ring,
          nicolae_swamp_entry_splash_gauntlet, fungi_pond_lemuel
Lair:3:   layout_regular_city, hellmonk_spider_entry_not_the_bees,
          beast_lair_carwin_4, grunt_megastairs_5, lemuel_fruit_fields,
          lemuel_fruit_fields
Lair:4:   layout_concentric_octagons, dpeg_slime_entry_corner,
          grunt_megastairs_4
Lair:5:   hangedman_lair_caniforms_friends, layout_gridlike, st_stairs_11,
          small_statue_intersection
Swamp:1:  layout_basic_swamp, hangedman_swamp_ruin_hall, swamp_pool_1_2,
          nzn_swamp_blast_mining
Swamp:2:  layout_basic_swamp, nicolae_swamp_stuck_in_the_mud, uniq_nikola
Swamp:3:  layout_basic_swamp, nicolae_swamp_bean_lake,
          nicolae_swamp_thats_no_hydra, uniq_mara
Swamp:4:  swamp_fiery, layout_basic_swamp, swamp_pool_5,
          nicolae_swamp_tree_isthmus
Spider:1: layout_cave_pods, uniq_azrael, uniq_donald
Spider:2: layout_chambers, nicolae_spider_acid_house
Spider:3: layout_chambers
Spider:4: guppyfry_spider_rune, uniq_mlioglotl
Slime:1:  layout_caves, basic_altar
Slime:2:  layout_caves
Slime:3:  layout_caves
Slime:4:  layout_caves, special_room [special_room_jelly],
          nicolae_slime_welcoming_committee
Slime:5:  slime_pit_nicolae_amoeboid
Orc:1:    layout_caves, portal_ice_cave_entry_pillars_1, serial_shops,
          nicolae_shop_peninsula, gammafunk_ghost_smash,
          lightli_church_of_beogh, uniq_sonja
Orc:2:    st_orc_rangers, layout_caves, special_room,
          lightli_volcano_entry_magma_tube, basic_altar
Elf:1:    nicolae_elf_arrival_aired_out, layout_geoelf_grid,
          hangedman_elf_disciples, serial_library_hellmonk_reading_circle,
          minmay_misc_feat_columns, uniq_asterion
Elf:2:    nicolae_elf_blades_splatter_lattice [nicolae_blade_entry_pointy_end],
          layout_gridlike, drop_trap
Elf:3:    minmay_elf_hall_not_hex, layout_gridlike, grunt_ministairs_8
Vaults:1: portal_desolation_entry_nicolae_slug,
          nicolae_vaults_windows_and_doors_thing, nicolae_vaults_sightless_eye,
          nicolae_vaults_enemy_cabinets, v_rooms_2, hangedman_vaults_pinch,
          v_misc_8, nicolae_vaults_variable_pillar_hall,
          nicolae_vaults_offset_grid_hallway_2, v_misc_22,
          ontoclasm_vaults_misaligned, grunt_vaults_hallway_long,
          ontoclasm_vaults_fault, vaults_room_hallway, hangedman_vaults_slice,
          layout_vaults_omnibox
Vaults:2: nicolae_vaults_network_quincunx
          [nicolae_vaults_network_quincunx_subvault,
          nicolae_vaults_network_quincunx_subvault,
          nicolae_vaults_network_quincunx_subvault,
          nicolae_vaults_network_quincunx_subvault,
          nicolae_vaults_network_quincunx_subvault],
          nicolae_vaults_closet_pinwheel_2, ontoclasm_vaults_bender,
          nicolae_vaults_six-pack, nicolae_vaults_more_shelving_2,
          nicolae_vaults_closet_pinwheel_1, v_misc_3, nicolae_vaults_tangram_1,
          vaults_dpeg_doors, grunt_vaults_hallway_short, st_smaller_cells,
          nicolae_vaults_little_squares_3, layout_vaults_maze_bifur
Vaults:3: advil_vaults_ghost_lines, nicolae_vaults_bisected_exclaves,
          vaults_room_hallway, nicolae_vaults_prndl,
          nicolae_vaults_display_case, v_pattern_2,
          minmay_crypt_entry_necro_gods, ontoclasm_vaults_misaligned,
          ontoclasm_vaults_eye, v_rooms_4, vaults_room_pool,
          layout_vaults_big_cross
Vaults:4: vaults_mumra_chevron_long, nicolae_vaults_closet_pinwheel_4,
          v_misc_15, v_misc_25, vaults_room_grid, nicolae_vaults_alarming,
          nicolae_vaults_little_squares_1, nicolae_vaults_shelves_hall,
          nicolae_vaults_border_crossing, layout_vaults_omnigrid
Vaults:5
Crypt:1:  layout_catacombs
Crypt:2:  layout_misc_corridors, amcnicky_mini_pool_small,
          lemuel_mausoleum_altar_kikubaaqudgha, grunt_megastairs_2
Crypt:3:  grunt_crypt_end_deaths_head
Tomb:1
Tomb:2
Tomb:3
Depths:1: layout_gridlike, enter_ziggurat_e, serial_sigils_hangedman_gnaw,
          hell_entry, kennysheep_generic_room_12, grunt_megastairs_1,
          uniq_norris
Depths:2: minmay_the_grid_square_5x5_5x5 [minmay_the_grid_square_5x5_detours,
          minmay_the_grid_square_5x5_eight_small,
          minmay_the_grid_square_5x5_misaligned,
          minmay_the_grid_square_5x5_three_small, minmay_the_grid_square_5x5_v,
          minmay_the_grid_square_5x5_plus,
          minmay_the_grid_square_5x5_prize_itemx,
          minmay_the_grid_square_5x5_beaten_path,
          minmay_the_grid_square_5x5_prize_junk, minmay_the_grid_square_5x5_n,
          minmay_the_grid_square_5x5_minimal,
          minmay_the_grid_square_5x5_gyroscope,
          minmay_the_grid_square_5x5_prize_deathbox,
          minmay_the_grid_square_5x5_pentomino_r,
          minmay_the_grid_square_5x5_sharp_hourglass,
          minmay_the_grid_square_5x5_broken_cross,
          minmay_the_grid_square_5x5_prize_monsterx,
          minmay_the_grid_square_5x5_n_small,
          minmay_the_grid_square_5x5_prize_snowflake,
          minmay_the_grid_square_5x5_percent,
          minmay_the_grid_square_5x5_moneybag, minmay_the_grid_square_5x5_comb,
          minmay_the_grid_square_5x5_corner,
          minmay_the_grid_square_5x5_spiral_small,
          minmay_the_grid_square_5x5_trominoes], layout_cave_pools, pan_entry,
          abyss_entry_crystal, hellmouth_1, hangedman_decor_opposing
Depths:3: minmay_central_circle, layout_cave_shapes,
          hangedman_abyss_or_decor_clamps, hell_entry, abyss_entry,
          infiniplex_staircase_split_hallway, uniq_josephina
Depths:4: grunt_crosshair, layout_long_grid, hangedman_coc_ice_floe,
          grunt_qazlal_clouds, minmay_acid_items
Zot:1:    layout_basic, regret_index_zotdec_twisting_globes
Zot:2:    layout_onion_interference
Zot:3:    layout_twisted_circle
Zot:4:    regret_index_qazlal_generations, layout_basic,
          regret_index_zotdec_stipple_waver, evilmike_ambush
          [evilmike_ambush_outer_basic, evilmike_ambush_inner_basic], uniq_grunn
Zot:5:    layout_basic

Skill      XL: |  1  2  3  4  5  6  7  8  9 10 11 12 13 14 15 16 17 18 19 20 21 22 23 24 25 26 27 |
---------------+----------------------------------------------------------------------------------+-----
Summonings     | 5 6 7 8 9 |  9.0
Spellcasting   | 3 4 5 7 8 9 11 13 14 15 16 17 19 | 19.5
Fighting       | 3 5 6 9 10 12 15 16 19 | 19.8
Necromancy     | 6 11 15 18 20 21 | 21.0
Dodging        | 2 6 |  6.0
Stealth        | 3 8 |  8.4
Shapeshifting  | 2 8 12 14 16 | 16.0
Unarmed Combat | 5 8 12 13 14 17 18 | 18.0
Fire Magic     | 7 14 18 20 21 23 | 23.0
Conjurations   | 9 15 19 23 | 23.0

Action                     |  1- 3 |  4- 6 |  7- 9 | 10-12 | 13-15 | 16-18 | 19-21 | 22-24 | 25-27 || total
---------------------------+-------+-------+-------+-------+-------+-------+-------+-------+-------++-------
  Melee: Unarmed           |    39 |       |       |       |       |    35 |   382 |   201 |   525 ||  1182
         Punch             |     3 |     1 |     3 |    12 |    11 |    10 |    31 |    37 |    68 ||   176
         Dagger            |    52 |   133 |   122 |   351 |   450 |   186 |       |       |       ||  1294
         Short sword       |       |       |    19 |   139 |       |       |       |       |       ||   158
         Kick              |       |       |       |       |       |       |       |       |   185 ||   185
   Cast: Summon Small Mamm |    23 |    25 |    71 |    58 |    27 |       |     1 |     2 |     3 ||   210
         Call Canine Famil |     3 |    17 |    41 |    51 |    30 |       |       |       |       ||   142
         Summon Lightning  |       |       |    15 |    51 |    75 |     1 |     1 |       |       ||   143
         Martyr's Knell    |       |       |       |    22 |    32 |       |       |       |       ||    54
         Death Channel     |       |       |       |    11 |    64 |    54 |    54 |    36 |    38 ||   257
         Haunt             |       |       |       |       |    67 |   156 |    97 |    92 |    58 ||   470
         Borgnjor's Vile C |       |       |       |       |    54 |   131 |    78 |    75 |    20 ||   358
         Infestation       |       |       |       |       |    18 |    54 |    64 |    38 |    80 ||   254
         Ignition          |       |       |       |       |       |       |       |    53 |    87 ||   140
 Invoke: Unearth Wretches  |       |       |       |       |     3 |     5 |    11 |     8 |    33 ||    60
         Receive Forbidden |       |       |       |       |     1 |       |       |       |       ||     1
  Evoke: Wand              |       |       |       |    10 |       |       |     1 |       |       ||    11
    Use: Scroll            |       |     4 |     4 |    11 |    17 |     5 |     1 |       |    14 ||    56
         Potion            |       |     1 |     1 |     4 |     8 |     1 |     1 |     3 |    22 ||    41
   Stab: Sleeping          |     3 |     1 |     1 |       |       |     3 |     8 |       |     5 ||    21
         Paralysed         |       |     5 |    17 |    27 |    50 |    30 |    27 |     9 |    31 ||   196
         Distracted        |       |     1 |     3 |     6 |     3 |     3 |     8 |     4 |     9 ||    37
 Armour: Robe              |    57 |    63 |   119 |   373 |   613 |   295 |       |       |       ||  1520
         Skin              |       |    45 |       |       |       |    62 |   812 |   518 |  1130 ||  2567
  Dodge: Dodged            |    74 |    74 |   108 |   250 |   420 |   209 |   448 |   234 |   558 ||  2375
   Form: Statue            |       |       |       |       |       |     1 |       |       |       ||     1
